[ AOE2 MATCH · #505944980 ]
UnrankedArmenians vs Teutons
Player's team · WIN
Rival team · LOSS
[ REPLAY ANALYSIS · EXTRACTED FROM THE RECORDED GAME ]
Feudal
11:44
Castle
34:21
Imperial
—
| APM avg | 47.9 |
| APM peak | 80 |
| eAPM avg | 25.3 |
| Villagers / military | 35 / 49 |
Focus
⚔️ 24.2% · 🌾 75.8%
Militia ×42 · Spearman ×3 · Monk ×2 · Mangonel ×1 · Warrior Priest ×1
Feudal
9:26
Castle
33:12
Imperial
—
| APM avg | 28.4 |
| APM peak | 70 |
| eAPM avg | 16.7 |
| Villagers / military | 38 / 8 |
Focus
⚔️ 46.9% · 🌾 53.1%
Scout Cavalry ×4 · Knight ×3 · Battering Ram ×1
Match map
Initial resources + every placement click. Lines = walls · curves = elevation contours. ◆ gold · ⬟ stone · ● berries · ✦ relic · ◌ wall gap
Your base· Open — opponent sealed themselves in
Changed's base· ✓ Closed at 33:12 · 103t walls · no gate
Smoothed initial terrain · ◌ = detected wall gap · hover for details
Inputs per minute
— dawoagepl - - Changed
Build order — dawoagepl
First 150 of 156 actions detected
| 0:03 | Queue | Villager (Male) |
| 0:03 | Queue | Villager (Male) |
| 0:04 | Build | House |
| 0:06 | Build | House |
| 0:18 | Queue | Villager (Male) |
| 0:18 | Queue | Villager (Male) |
| 0:23 | Build | Mule Cart |
| 0:33 | Research | Loom |
| 1:09 | Queue | Villager (Male) |
| 1:14 | Research | Loom |
| 1:45 | Queue | Villager (Male) |
| 2:09 | Queue | Villager (Male) |
| 2:46 | Queue | Villager (Male) |
| 3:01 | Queue | Villager (Male) |
| 3:36 | Build | House |
| 3:37 | Build | House |
| 3:40 | Build | House |
| 3:58 | Queue | Villager (Male) |
| 3:58 | Queue | Villager (Male) |
| 4:01 | Queue | Villager (Male) |
| 5:08 | Build | Barracks |
| 5:10 | Build | House |
| 5:25 | Queue | Villager (Male) |
| 5:31 | Queue | Villager (Male) |
| 5:51 | Queue | Villager (Male) |
| 5:52 | Queue | Villager (Male) |
| 6:03 | Build | House |
| 6:04 | Build | House |
| 6:05 | Build | House |
| 6:10 | Queue | Villager (Male) |
| 6:10 | Queue | Villager (Male) |
| 6:25 | Build | Palisade Gate |
| 6:49 | Build | Palisade Gate |
| 6:55 | Queue | Villager (Male) |
| 6:55 | Queue | Villager (Male) |
| 7:13 | Build | Mule Cart |
| 8:33 | Queue | Villager (Male) |
| 9:34 | Research | Feudal Age |
| 9:34 | Research | Feudal Age |
| 10:34 | Build | Mill |
| 11:07 | Queue | Militia |
| 11:44 | Age | Feudal Age |
| 11:47 | Queue | Militia |
| 11:52 | Build | Barracks |
| 12:23 | Queue | Militia |
| 12:31 | Queue | Villager (Male) |
| 12:32 | Queue | Villager (Male) |
| 12:34 | Queue | Militia |
| 13:05 | Queue | Villager (Male) |
| 13:08 | Queue | Militia |
| 13:33 | Queue | Militia |
| 13:59 | Build | Palisade Wall |
| 14:09 | Queue | Villager (Male) |
| 14:20 | Build | House |
| 14:25 | Queue | Militia |
| 14:29 | Research | Man-at-Arms (upgrade) |
| 15:06 | Queue | Militia |
| 15:06 | Queue | Militia |
| 15:28 | Build | Mill |
| 15:40 | Queue | Militia |
| 15:43 | Research | Arson |
| 15:53 | Build | Farm |
| 15:54 | Build | Farm |
| 15:54 | Build | Farm |
| 15:54 | Build | Farm |
| 16:04 | Build | Watch Tower |
| 16:09 | Build | Farm |
| 16:10 | Build | Farm |
| 16:12 | Build | Farm |
| 16:39 | Build | Farm |
| 16:43 | Build | Farm |
| 16:58 | Build | Farm |
| 16:59 | Build | Farm |
| 17:09 | Queue | Militia |
| 17:37 | Queue | Militia |
| 17:56 | Queue | Militia |
| 18:03 | Queue | Villager (Male) |
| 18:23 | Queue | Militia |
| 18:30 | Build | Farm |
| 18:35 | Build | Farm |
| 18:44 | Build | House |
| 18:46 | Queue | Villager (Male) |
| 18:54 | Queue | Militia |
| 19:23 | Queue | Militia |
| 19:36 | Research | Long Swordsman (upgrade) |
| 19:58 | Build | Palisade Gate |
| 20:06 | Queue | Villager (Male) |
| 20:07 | Queue | Villager (Male) |
| 20:25 | Build | Blacksmith |
| 20:56 | Queue | Militia |
| 21:09 | Research | Scale Mail Armor |
| 21:11 | Queue | Militia |
| 21:51 | Queue | Militia |
| 21:52 | Queue | Militia |
| 22:17 | Queue | Militia |
| 23:06 | Queue | Militia |
| 23:29 | Queue | Militia |
| 23:45 | Queue | Militia |
| 23:51 | Build | Mill |
| 24:38 | Queue | Villager (Male) |
| 25:10 | Queue | Militia |
| 25:15 | Queue | Militia |
| 25:16 | Queue | Militia |
| 25:34 | Queue | Villager (Male) |
| 26:28 | Queue | Militia |
| 26:30 | Queue | Villager (Male) |
| 26:33 | Build | Farm |
| 26:36 | Build | Farm |
| 26:38 | Research | Horse Collar |
| 26:46 | Queue | Militia |
| 26:56 | Queue | Spearman |
| 27:13 | Queue | Spearman |
| 28:01 | Build | Farm |
| 28:01 | Build | Farm |
| 28:02 | Build | Farm |
| 28:04 | Queue | Militia |
| 28:14 | Queue | Militia |
| 28:25 | Build | Farm |
| 28:42 | Queue | Militia |
| 28:48 | Queue | Spearman |
| 29:13 | Build | Palisade Gate |
| 29:18 | Build | Palisade Gate |
| 29:59 | Queue | Militia |
| 30:34 | Build | Farm |
| 30:37 | Build | Farm |
| 30:37 | Build | Farm |
| 30:54 | Build | Market |
| 30:59 | Build | Farm |
| 30:59 | Build | Farm |
| 30:59 | Build | Farm |
| 31:41 | Research | Castle Age |
| 31:54 | Build | Farm |
| 31:57 | Build | Mule Cart |
| 32:12 | Queue | Militia |
| 32:12 | Queue | Militia |
| 32:18 | Queue | Militia |
| 32:51 | Queue | Militia |
| 32:58 | Queue | Militia |
| 33:46 | Research | Double-Bit Axe |
| 34:21 | Age | Castle Age |
| 34:33 | Build | Siege Workshop |
| 34:37 | Build | Monastery |
| 34:56 | Build | Town Center |
| 35:18 | Research | Chain Mail Armor |
| 35:21 | Research | Gambesons |
| 35:23 | Queue | Warrior Priest |
| 35:27 | Queue | Mangonel |
| 35:53 | Queue | Monk |
| 36:14 | Queue | Militia |
| 36:55 | Queue | Villager (Male) |
Build order — Changed
First 150 of 170 actions detected
| 0:00 | Queue | Villager (Male) |
| 0:00 | Queue | Villager (Male) |
| 0:01 | Queue | Villager (Male) |
| 0:01 | Queue | Villager (Male) |
| 0:02 | Build | House |
| 0:04 | Build | House |
| 1:39 | Queue | Villager (Male) |
| 1:51 | Queue | Villager (Male) |
| 2:41 | Queue | Villager (Male) |
| 2:41 | Queue | Villager (Male) |
| 3:12 | Build | Lumber Camp |
| 3:34 | Queue | Villager (Male) |
| 4:05 | Queue | Villager (Male) |
| 4:05 | Queue | Villager (Male) |
| 4:28 | Queue | Villager (Male) |
| 4:45 | Build | House |
| 4:47 | Research | Loom |
| 4:48 | Queue | Villager (Male) |
| 4:48 | Queue | Villager (Male) |
| 4:48 | Queue | Villager (Male) |
| 5:09 | Queue | Villager (Male) |
| 5:13 | Queue | Villager (Male) |
| 6:14 | Queue | Villager (Male) |
| 6:14 | Queue | Villager (Male) |
| 6:24 | Build | Mining Camp |
| 7:16 | Research | Feudal Age |
| 8:33 | Queue | Villager (Male) |
| 8:34 | Queue | Villager (Male) |
| 9:06 | Build | House |
| 9:09 | Build | Palisade Wall |
| 9:10 | Build | Palisade Wall |
| 9:12 | Build | Palisade Wall |
| 9:26 | Age | Feudal Age |
| 9:40 | Build | Watch Tower |
| 9:51 | Build | Watch Tower |
| 9:54 | Build | House |
| 9:55 | Build | House |
| 9:57 | Build | Palisade Wall |
| 9:58 | Build | Palisade Wall |
| 10:12 | Build | Palisade Wall |
| 10:42 | Build | Watch Tower |
| 10:51 | Build | Palisade Wall |
| 10:54 | Build | Palisade Wall |
| 11:16 | Build | Watch Tower |
| 11:24 | Build | Watch Tower |
| 11:33 | Build | Palisade Wall |
| 11:34 | Build | Palisade Wall |
| 11:34 | Build | Palisade Wall |
| 11:37 | Build | Palisade Wall |
| 11:55 | Queue | Villager (Male) |
| 11:55 | Queue | Villager (Male) |
| 11:55 | Queue | Villager (Male) |
| 12:13 | Build | Watch Tower |
| 12:23 | Build | Palisade Wall |
| 12:25 | Build | Palisade Wall |
| 12:28 | Build | Palisade Wall |
| 13:11 | Queue | Villager (Male) |
| 13:12 | Queue | Villager (Male) |
| 13:12 | Queue | Villager (Male) |
| 13:12 | Queue | Villager (Male) |
| 13:13 | Queue | Villager (Male) |
| 13:13 | Queue | Villager (Male) |
| 13:31 | Build | Palisade Wall |
| 13:36 | Build | Palisade Wall |
| 13:40 | Build | Palisade Wall |
| 13:40 | Build | Palisade Wall |
| 13:45 | Build | Palisade Wall |
| 13:46 | Build | Palisade Wall |
| 13:48 | Build | Palisade Wall |
| 14:03 | Build | Palisade Wall |
| 14:19 | Build | Barracks |
| 14:43 | Queue | Villager (Male) |
| 14:43 | Queue | Villager (Male) |
| 15:19 | Build | Stone Wall |
| 15:20 | Build | Stone Wall |
| 15:21 | Build | Stone Wall |
| 15:22 | Build | Stone Wall |
| 15:38 | Build | Palisade Wall |
| 15:52 | Build | Watch Tower |
| 16:33 | Build | Mining Camp |
| 16:53 | Queue | Villager (Male) |
| 16:53 | Queue | Villager (Male) |
| 17:07 | Build | Stable |
| 17:21 | Build | Palisade Wall |
| 17:23 | Build | Palisade Wall |
| 17:25 | Build | Palisade Wall |
| 17:36 | Build | Palisade Wall |
| 17:37 | Build | Palisade Wall |
| 17:38 | Build | Palisade Wall |
| 18:31 | Research | Man-at-Arms (upgrade) |
| 18:36 | Build | Mining Camp |
| 18:46 | Queue | Scout Cavalry |
| 19:34 | Build | Watch Tower |
| 19:46 | Build | Palisade Wall |
| 19:57 | Build | House |
| 20:00 | Build | Palisade Wall |
| 20:03 | Build | Palisade Wall |
| 20:17 | Queue | Villager (Male) |
| 20:18 | Queue | Villager (Male) |
| 20:18 | Queue | Villager (Male) |
| 20:22 | Build | Mining Camp |
| 20:32 | Build | Mill |
| 20:46 | Build | Palisade Wall |
| 20:52 | Build | Palisade Wall |
| 21:17 | Build | Watch Tower |
| 21:35 | Build | Palisade Wall |
| 21:55 | Build | Stable |
| 22:11 | Build | Palisade Wall |
| 22:12 | Build | Palisade Wall |
| 22:28 | Build | Palisade Wall |
| 22:51 | Build | Watch Tower |
| 22:55 | Queue | Scout Cavalry |
| 22:58 | Build | House |
| 23:09 | Build | House |
| 23:44 | Queue | Scout Cavalry |
| 23:56 | Build | Farm |
| 23:56 | Build | Farm |
| 23:56 | Build | Farm |
| 23:57 | Build | Farm |
| 23:57 | Build | Farm |
| 23:57 | Build | Farm |
| 24:04 | Build | Palisade Wall |
| 24:05 | Build | Palisade Wall |
| 24:08 | Build | Palisade Wall |
| 24:09 | Build | Palisade Wall |
| 24:10 | Build | Palisade Wall |
| 24:24 | Build | Watch Tower |
| 24:40 | Build | Palisade Wall |
| 24:42 | Build | Palisade Wall |
| 24:45 | Build | Palisade Wall |
| 24:49 | Build | Palisade Wall |
| 24:55 | Build | Palisade Wall |
| 24:56 | Build | Palisade Wall |
| 24:57 | Build | Palisade Wall |
| 25:06 | Build | Palisade Wall |
| 25:08 | Build | Palisade Wall |
| 25:46 | Build | Blacksmith |
| 25:51 | Build | Blacksmith |
| 25:54 | Queue | Scout Cavalry |
| 26:19 | Build | Farm |
| 26:28 | Build | Mill |
| 26:48 | Build | Palisade Wall |
| 26:49 | Build | Palisade Wall |
| 27:02 | Build | Watch Tower |
| 27:25 | Build | Watch Tower |
| 27:30 | Queue | Villager (Male) |
| 27:42 | Build | Farm |
| 28:05 | Build | Market |
| 28:07 | Build | Farm |
| 28:17 | Build | Lumber Camp |
Match timeline
| 5:08 | dawoagepl · first_building Barracks |
| 9:09 | Changed · wall_segment Palisade Wall x1 |
| 9:10 | Changed · wall_segment Palisade Wall x1 |
| 9:12 | Changed · wall_segment Palisade Wall x1 |
| 9:26 | Changed · age_up feudal |
| 9:57 | Changed · wall_segment Palisade Wall x1 |
| 9:58 | Changed · wall_segment Palisade Wall x1 |
| 10:12 | Changed · wall_segment Palisade Wall x1 |
| 10:51 | Changed · wall_segment Palisade Wall x2 |
| 10:54 | Changed · wall_segment Palisade Wall x1 |
| 11:33 | Changed · wall_segment Palisade Wall x1 |
| 11:34 | Changed · wall_segment Palisade Wall x1 |
| 11:34 | Changed · wall_segment Palisade Wall x1 |
| 11:37 | Changed · wall_segment Palisade Wall x1 |
| 11:44 | dawoagepl · age_up feudal |
| 12:23 | Changed · wall_segment Palisade Wall x2 |
| 12:25 | Changed · wall_segment Palisade Wall x1 |
| 12:28 | Changed · wall_segment Palisade Wall x1 |
| 13:31 | Changed · wall_segment Palisade Wall x4 |
| 13:36 | Changed · wall_segment Palisade Wall x3 |
| 13:40 | Changed · wall_segment Palisade Wall x2 |
| 13:40 | Changed · wall_segment Palisade Wall x4 |
| 13:45 | Changed · wall_segment Palisade Wall x1 |
| 13:46 | Changed · wall_segment Palisade Wall x7 |
| 13:48 | Changed · wall_segment Palisade Wall x3 |
| 13:59 | dawoagepl · wall_segment Palisade Wall x1 |
| 14:03 | Changed · wall_segment Palisade Wall x1 |
| 14:19 | Changed · first_building Barracks |
| 15:19 | Changed · wall_segment Stone Wall x4 |
| 15:20 | Changed · wall_segment Stone Wall x1 |
| 15:21 | Changed · wall_segment Stone Wall x4 |
| 15:22 | Changed · wall_segment Stone Wall x4 |
| 15:38 | Changed · wall_segment Palisade Wall x1 |
| 17:07 | Changed · first_building Stable |
| 17:21 | Changed · wall_segment Palisade Wall x1 |
| 17:23 | Changed · wall_segment Palisade Wall x1 |
| 17:25 | Changed · wall_segment Palisade Wall x1 |
| 17:36 | Changed · wall_segment Palisade Wall x1 |
| 17:37 | Changed · wall_segment Palisade Wall x1 |
| 17:38 | Changed · wall_segment Palisade Wall x1 |
| 19:46 | Changed · wall_segment Palisade Wall x1 |
| 20:00 | Changed · wall_segment Palisade Wall x1 |
| 20:03 | Changed · wall_segment Palisade Wall x1 |
| 20:46 | Changed · wall_segment Palisade Wall x1 |
| 20:52 | Changed · wall_segment Palisade Wall x1 |
| 21:35 | Changed · wall_segment Palisade Wall x1 |
| 22:11 | Changed · wall_segment Palisade Wall x1 |
| 22:12 | Changed · wall_segment Palisade Wall x1 |
| 22:28 | Changed · wall_segment Palisade Wall x1 |
| 24:04 | Changed · wall_segment Palisade Wall x1 |
| 24:05 | Changed · wall_segment Palisade Wall x1 |
| 24:08 | Changed · wall_segment Palisade Wall x1 |
| 24:09 | Changed · wall_segment Palisade Wall x1 |
| 24:10 | Changed · wall_segment Palisade Wall x1 |
| 24:40 | Changed · wall_segment Palisade Wall x1 |
| 24:42 | Changed · wall_segment Palisade Wall x1 |
| 24:45 | Changed · wall_segment Palisade Wall x1 |
| 24:49 | Changed · wall_segment Palisade Wall x1 |
| 24:55 | Changed · wall_segment Palisade Wall x1 |
| 24:56 | Changed · wall_segment Palisade Wall x1 |
| 24:57 | Changed · wall_segment Palisade Wall x1 |
| 25:06 | Changed · wall_segment Palisade Wall x1 |
| 25:08 | Changed · wall_segment Palisade Wall x1 |
| 26:48 | Changed · wall_segment Palisade Wall x1 |
| 26:49 | Changed · wall_segment Palisade Wall x1 |
| 29:12 | Changed · wall_segment Palisade Wall x4 |
| 29:24 | Changed · wall_segment Palisade Wall x1 |
| 29:26 | Changed · wall_segment Palisade Wall x4 |
| 29:39 | Changed · wall_segment Palisade Wall x9 |
| 30:21 | Changed · first_market_sell 100 wood |
| 30:23 | Changed · first_market_buy 100 food |
| 30:39 | Changed · wall_segment Palisade Wall x1 |
| 31:39 | dawoagepl · first_market_buy 100 food |
| 32:27 | Changed · wall_segment Palisade Wall x1 |
| 32:31 | Changed · wall_segment Palisade Wall x1 |
| 33:12 | Changed · age_up castle |
| 33:54 | Changed · first_building Siege Workshop |
| 34:21 | dawoagepl · age_up castle |
| 34:33 | dawoagepl · first_building Siege Workshop |
| 34:37 | dawoagepl · first_building Monastery |
| 37:49 | Changed · resign |
[ AI ANALYSIS · 1 CREDIT ]
What really happened in this match?
Wolo.gg analyzes every decision: build order, eco, micro, common mistakes by bracket. Personalized analysis on WhatsApp or Discord in 30 seconds.
Civ guide
Armenians
Perfil
Jugador #788724